 Dungeon Crawl Stone Soup version 0.28-a0-819-g6ef7baa362 (webtiles) character file.

Game seed: 3476710246874659562

10759 avis the Cleaver (level 11, -8/108 HPs)
             Began as a Hill Orc Monk on Nov 9, 2021.
             Was a Priest of Beogh.
             Mangled by an ogre (23 damage)
             ... on level 9 of the Dungeon.
             The game lasted 00:59:30 (10312 turns).

avis the Cleaver (Hill Orc Monk)                   Turns: 10312, Time: 00:59:31

Health: -8/108     AC: 10    Str: 18    XL:     11   Next: 67%
Magic:  21/21      EV:  7    Int: 10    God:    Beogh [***...]
Gold:   312        SH:  7    Dex: 15    Spells: 10/10 levels left

rFire   + . .      SeeInvis .   a - +5 war axe of Charity {holy, Dex+2}
rCold   . . .      Faith    .   g - +0 kite shield
rNeg    . . .      Spirit   .   l - +2 scale mail {rF+}
rPois   +          Reflect  .   (no helmet)
rElec   .          Harm     .   s - +0 cloak
rCorr   .          Rampage  .   (no gloves)
Will    .....                   f - +0 pair of boots
Stlth   +.........              E - amulet of regeneration
HPRegen 1.28/turn               T - ring of poison resistance
MPRegen 0.17/turn               D - +4 ring of slaying

@: hasted, very quick
A: no striking features
a: Renounce Religion, Smiting


You were on level 9 of the Dungeon.
You worshipped Beogh.
Beogh was most pleased with you.
You visited 2 branches of the dungeon, and saw 10 of its levels.
You also visited: Bailey.

You collected 312 gold pieces.

Inventory:

Hand Weapons
 a - the +5 war axe of Charity (weapon) {holy, Dex+2}
   (You found it on level 6 of the Dungeon)

   It has been blessed by the Shining One to cause great damage to the undead
   and demons.
   Dex:       It affects your dexterity (+2).
 c - a +1 vorpal flail
 w - a +0 broad axe
 B - a +2 halberd of electrocution
Missiles
 b - 17 stones
 d - 27 arrows
 q - 32 poisoned darts (quivered)
 A - 74 boomerangs
 H - 2 throwing nets
 V - 2 silver boomerangs
Armour
 e - the +1 robe of Greed {rElec}
   (You found it on level 9 of the Dungeon)

   rElec:     It insulates you from electricity.
 f - a +0 pair of boots (worn)
 g - a +0 kite shield (worn)
 l - a +2 scale mail of fire resistance (worn)
 s - a +0 cloak (worn)
Jewellery
 D - a +4 ring of slaying (right hand)
 E - an amulet of regeneration (around neck)
 T - a ring of poison resistance (left hand)
Wands
 h - a wand of iceblast (10)
 p - a wand of polymorph (20)
 t - a wand of flame (8)
 I - a wand of mindburst (5)
Scrolls
 F - 2 scrolls of teleportation
 G - a scroll of fear
Potions
 k - a potion of invisibility
 r - 5 potions of magic {unknown}
 v - 2 potions of curing
 x - 4 potions of flight
 z - a potion of brilliance {unknown}
 C - a potion of heal wounds
 J - a potion of might
 M - a potion of degeneration {unknown}
 R - a potion of haste
 S - 2 potions of cancellation {unknown}
 Z - 4 potions of mutation {unknown}


   Skills:
 * Level 13.8 Fighting
 + Level 14.3 Axes
 - Level 2.4 Dodging
 - Level 1.5 Stealth
 - Level 13.5 Invocations


You had 10 spell levels left.
You didn't know any spells.
Your spell library contained the following spells:

 Spells                   Type           Power      Damage    Failure   Level
 Magic Dart               Conj           0%         1d3       100%        1
 Shock                    Conj/Air       0%         1d3       100%        1
 Call Imp                 Summ           0%         N/A       100%        2
 Searing Ray              Conj           0%         2d4       100%        2
 Sublimation of Blood     Necr           0%         N/A       100%        2
 Wereblood                Tmut           0%         N/A       100%        2
 Dazzling Flash           Conj/Hex       0%         N/A       100%        3
 Mephitic Cloud           Conj/Pois/Air  0%         N/A       100%        3
 Swiftness                Air            0%         N/A       100%        3
 Airstrike                Air            0%         N/A       100%        4
 Fulminant Prism          Conj/Hex       0%         3d6       100%        4
 Iskenderun's Mystic Bla  Conj/Tloc      0%         2d3       100%        4
 Olgreb's Toxic Radiance  Pois           0%         N/A       100%        4
 Starburst                Conj/Fire      0%         6d3       100%        6
 Ozocubu's Refrigeration  Ice            0%         4d5       100%        7
 Summon Hydra             Summ           0%         N/A       100%        7
 Ignition                 Fire           0%         3d3       100%        8


Dungeon Overview and Level Annotations

Branches:
Dungeon (9/15)             Temple (1/1) D:6             Orc (0/2) D:9
 Bailey (visited)
   Lair: D:8-11

Altars:
Ashenzari
Cheibriados
Dithmenos
Elyvilon
Fedhas
Gozag
Hepliaklqana
Kikubaaqudgha
Makhleb
Nemelex Xobeh
Okawaru
Qazlal
Sif Muna
Trog
Uskayaw
Vehumet
Wu Jian
Xom
Yredelemnul
Zin
The Shining One

Annotations:
D:6 3 runed translucent doors, lunkers's ghost, novice DjCA
D:7 3 runed translucent doors, Hypnoxylon's ghost, novice GrFi


Message History

The gnoll barely misses you. You block the gnoll sergeant's attack.
The gnoll sergeant hits you from afar with a +0 trident.
The gnoll sergeant hits you from afar with a +0 spear.
You slice the ogre!!
You kill the ogre!
Beogh accepts your kill.
Your orc looks more experienced.
The gnoll sergeant blocks your attack.
You hit the gnoll.
You kill the gnoll!
Beogh accepts your kill.
The gnoll sergeant hits you but does no damage.
The gnoll sergeant hits you from afar with a +0 trident!
The gnoll sergeant hits you from afar with a +0 spear.
You barely miss the ogre. You hit the gnoll sergeant. You slash the ogre!
Your orc closely misses the gnoll sergeant.
The ogre hits you with a +0 giant club!!
* * * LOW HITPOINT WARNING * * *
The gnoll sergeant hits you with a +4 trident of freezing.
* * * LOW HITPOINT WARNING * * *
The gnoll sergeant freezes you.
* * * LOW HITPOINT WARNING * * *
The gnoll sergeant hits you from afar with a +0 trident!
* * * LOW HITPOINT WARNING * * *
You block the ogre's attack.
You feel much better.
The gnoll sergeant hits you from afar with a +0 spear!
* * * LOW HITPOINT WARNING * * *
Unknown command.
You slash the gnoll sergeant!
You kill the gnoll sergeant!
Beogh accepts your kill.
You completely miss the ogre. You slash the ogre!
The gnoll sergeant completely misses you.
The gnoll sergeant hits you from afar with a +0 trident.
* * * LOW HITPOINT WARNING * * *
The ogre hits you with a +0 giant club!
* * * LOW HITPOINT WARNING * * *
The gnoll sergeant barely misses you.
The ogre hits you with a +0 giant club!!
You die...

##### #...#
#######.#o#
#8.gg8#.#o########
#.).gK#o#.........
#.OTgO@o##....###
#..ogO#.##....#
#8..g8#.##....####
#######.#.........
#...............
#...............
#.####.........#
#.# #..####...#
#.# #..# ...#


You could see a troll, a kobold brigand, 3 ogres, 4 gnoll sergeants, 2 gnolls,
an orc, a friendly orc knight and a friendly orc.

Vanquished Creatures
  An ogre mage (D:8)
  A centaur warrior (D:8)
  A two-headed ogre (D:8)
  An ugly thing (D:8)
  A troll (D:8)
  A hornet (D:8)
  Prince Ribbit (D:8)
  A wraith (D:8)
  A wyvern (D:9)
  3 sky beasts
  A black bear (D:8)
  2 orc warriors
  Duvessa (D:6)
  2 ice beasts (D:8)
  A necrophage (D:5)
  5 ogres
  A centaur (D:7)
  2 phantoms
  3 kobold brigands
  5 bullfrogs
  2 scorpions
  Dowan (D:6)
  4 gnoll sergeants
  6 killer bees
  9 wights
  3 centaur zombies
  7 hounds
  3 orc priests (D:8)
  2 bullfrog skeletons (D:5)
  A jelly (D:7)
  A gnoll shaman (D:8)
  A centaur skeleton (D:5)
  4 orc wizards
  Natasha (thrice) (D:3)
  6 iguanas
  Ijyb (D:3)
  A hound zombie (D:5)
  A hound skeleton (D:4)
  2 howler monkey zombies (D:9)
  4 adders
  22 gnolls
  A shadow imp (D:5)
  3 white imps
  An ufetubus (D:5)
  A dart slug (D:2)
  26 orcs
  5 ball pythons
  3 endoplasms
  3 giant cockroaches
  3 goblins
  17 hobgoblins
  12 jackals
  23 kobolds
  A quokka (D:2)
  2 bats
  2 frilled lizards (D:2)
  3 rats
225 creatures vanquished.

Vanquished Creatures (collateral kills)
  An ogre (D:9)
  A centaur (D:9)
2 creatures vanquished.

Vanquished Creatures (others)
  An orc priest (D:8)
  2 orcs (D:9)
  16 plants (D:8)
19 creatures vanquished.

Grand Total: 246 creatures vanquished

Notes
Turn   | Place    | Note
-------+----------+-------------------------------------------
     0 | D:1      | avis the Hill Orc Monk began the quest for the Orb.
     0 | D:1      | Reached XP level 1. HP: 19/19 MP: 1/1
   256 | D:1      | Reached XP level 2. HP: 20/27 MP: 2/2
  1216 | D:2      | Reached skill level 5 in Axes
  1269 | D:2      | Found a faded altar of an unknown god.
  1294 | D:2      | Reached XP level 3. HP: 33/33 MP: 3/3
  2009 | D:3      | Noticed Natasha
  2014 | D:3      | Killed Natasha
  2015 | D:3      | Reached XP level 4. HP: 40/41 MP: 4/4
  2019 | D:3      | Found an opulent altar of Gozag.
  2170 | D:3      | Noticed Ijyb
  2180 | D:3      | Killed Ijyb
  2181 | D:3      | Reached skill level 6 in Axes
  2200 | D:3      | Noticed Natasha
  2214 | D:3      | Killed Natasha
  2215 | D:3      | Reached XP level 5. HP: 10/47 MP: 5/5
  2257 | D:3      | Noticed Natasha
  2488 | D:3      | Killed Natasha
  2489 | D:3      | Reached skill level 5 in Fighting
  2828 | D:3      | Found a broken altar of Ashenzari.
  2953 | D:4      | Noticed a phantom
  2961 | D:4      | Killed a phantom
  2962 | D:4      | Reached skill level 7 in Axes
  2962 | D:4      | Reached XP level 6. HP: 34/56 MP: 2/6
  3647 | D:4      | Reached skill level 8 in Axes
  3942 | D:4      | Found an ornate altar of the Wu Jian Council.
  4063 | D:5      | Entered Level 5 of the Dungeon
  4141 | D:5      | Identified the +1 leather armour "Cilaguk" {rElec rC+ Int+4
                  | SInv}
  4504 | D:5      | Reached XP level 7. HP: 36/63 MP: 2/7
  4728 | D:5      | Reached skill level 9 in Axes
  5246 | D:5      | Reached skill level 10 in Axes
  5246 | D:5      | Reached XP level 8. HP: 72/73 MP: 8/8
  6005 | D:6      | Noticed Duvessa
  6005 | D:6      | Noticed Dowan
  6177 | D:6      | Killed Duvessa
  6178 | D:6      | Reached skill level 11 in Axes
  6246 | D:6      | Killed Dowan
  6276 | D:6      | Found a sparkling altar of Nemelex Xobeh.
  6395 | D:6      | Found a staircase to the Ecumenical Temple.
  6474 | Temple   | Entered the Ecumenical Temple
  6569 | D:6      | Reached skill level 12 in Axes
  6569 | D:6      | Reached XP level 9. HP: 71/83 MP: 9/9
  6646 | D:6      | Found a runed translucent gate.
  6647 | D:6      | Found a runed translucent gate.
  6647 | D:6      | Found a runed translucent gate.
  6649 | D:6      | Noticed lunkers's ghost (novice DjCA)
  6681 | D:6      | Identified the +5 war axe of Charity {holy, Dex+2}
  7231 | D:7      | Found a hide-covered altar of Uskayaw.
  7268 | D:6      | Reached skill level 10 in Fighting
  7282 | D:7      | Found a snail-covered altar of Cheibriados.
  7282 | D:7      | Found a glowing golden altar of the Shining One.
  7304 | D:7      | Found a stormy altar of Qazlal.
  7323 | D:7      | Found a flagged portal.
  7345 | Bailey   | Entered a bailey
  8109 | D:7      | Reached skill level 13 in Axes
  8220 | D:7      | Found a runed translucent gate.
  8220 | D:7      | Found a runed translucent gate.
  8220 | D:7      | Found a runed translucent gate.
  8221 | D:7      | Noticed Hypnoxylon's ghost (novice GrFi)
  8773 | D:8      | Became a worshipper of Beogh the Brigand
  8773 | D:8      | Reached * piety under Beogh
  8773 | D:8      | Reached ** piety under Beogh
  8774 | D:8      | Reached XP level 10. HP: 96/96 MP: 9/20
  8942 | D:8      | Noticed Prince Ribbit
  8964 | D:8      | Killed Prince Ribbit
  9117 | D:8      | Reached XP level 11. HP: 104/104 MP: 21/21
  9145 | D:8      | Noticed an ogre mage
  9154 | D:8      | Killed an ogre mage
  9177 | D:8      | Noticed a centaur warrior
  9189 | D:8      | Killed a centaur warrior
  9360 | D:8      | Reached *** piety under Beogh
  9451 | D:8      | Noticed a white ugly thing
  9464 | D:8      | Killed a white ugly thing
  9465 | D:8      | Reached skill level 14 in Axes
  9600 | D:8      | Noticed a two-headed ogre
  9607 | D:8      | Killed a two-headed ogre
 10261 | D:9      | Identified the +1 robe of Greed {rElec}
 10301 | D:9      | Found a staircase to the Orcish Mines.
 10312 | D:9      | Mangled by an ogre

Illustrated notes

Levels and vault maps discovered:
D:1:      dpeg_arrival_fog, layout_basic
D:2:      layout_basic, ebering_ecumenical_altar_petrified, minivault_23
D:3:      layout_rooms, grunt_gozag_statues, general_overflow_altar, uniq_ijyb,
          uniq_natasha
D:4:      layout_cave_pods, pdpol_wu_jian_five_deadly_venoms
D:5:      layout_loops_corners, lemuel_flame_loot_1
D:6:      layout_basic, nemelex_xobeh_ov_fountains_minmay,
          minmay_temple_entry_ruins, ebering_ghost_rock_garden, uniq_duvessa
D:7:      layout_cave_pools, nicolae_overflow_quartered_altars,
          ebering_ghost_rock_garden, enter_bailey_2
D:8:      nzn_winding_woodlands_medium [nzn_winding_woodlands_5x5_closed_star,
          nzn_winding_woodlands_5x15_eye,
          nzn_winding_woodlands_5x5_checkerboard,
          nzn_winding_woodlands_5x5_three, nzn_winding_woodlands_center_garden,
          nzn_winding_woodlands_5x5_cross, nzn_winding_woodlands_5x5_default,
          nzn_winding_woodlands_5x15_lazy_stream,
          nzn_winding_woodlands_5x5_perimeter], layout_loops_ring,
          uniq_prince_ribbit1
D:9:      layout_small_grid, mainiacjoe_overflow_cross_hatched,
          kennysheep_orc_monster_closet_entryway
Temple:   cyrus_circular_temple

Skill      XL: |  1  2  3  4  5  6  7  8  9 10 11 |
---------------+----------------------------------+-----
Fighting       | 4 5 6 7 9 11 13 | 13.8
Axes           | 5 6 7 8 10 12 13 14 | 14.3
Invocations    | 13 | 13.5
Dodging        | |  2.4
Stealth        | |  1.5

Action                   |  1- 3 |  4- 6 |  7- 9 | 10-12 || total
-------------------------+-------+-------+-------+-------++-------
Melee: Hand axe          |    73 |       |       |       ||    73
       War axe           |    45 |   129 |   356 |   124 ||   654
 Fire: Hunting sling     |       |    23 |    17 |       ||    40
Throw: Dart              |       |       |     4 |     4 ||     8
Invok: Convert to Beogh  |       |       |     1 |       ||     1
Evoke: Wand              |       |     1 |       |       ||     1
  Use: Potion            |       |     1 |     2 |     2 ||     5
       Scroll            |       |       |    15 |       ||    15
 Stab: Sleeping          |     1 |       |       |       ||     1
Armor: Chain mail        |    98 |   106 |   162 |       ||   366
       Robe              |     3 |       |       |       ||     3
       Scale mail        |       |       |    15 |    49 ||    64
Dodge: Dodged            |    32 |    23 |    70 |    32 ||   157
Block: Kite shield       |    41 |    55 |   143 |    49 ||   288

Table legend: (Time is in decaauts)
 A = Elapsed time spent in this place.
 B = Non-inter-level travel time spent in this place.
 C = Inter-level travel time spent in this place.
 D = Time resting spent in this place.
 E = Time spent auto-exploring this place.
 F = Levels seen in this place.
 G = Mean time per level.
                   A        B        C        D        E       F      G
               +--------+--------+--------+--------+--------+-----+--------+
         Total |  10550 |   9521 |   1029 |   2010 |   4499 |  11 |  959.1 |
       Dungeon |   9900 |   8885 |   1015 |   1918 |   4451 |   9 | 1100.0 |
        Temple |    259 |    246 |     13 |     70 |     41 |   1 |  259.0 |
        Bailey |    390 |    390 |      0 |     22 |      7 |   1 |  390.0 |
               +--------+--------+--------+--------+--------+-----+--------+

Top non-repeatable levels by time:
     D:4: 1701 daAuts
     D:5: 1648 daAuts
     D:6: 1329 daAuts
     D:8: 1256 daAuts
     D:2: 1189 daAuts
     D:1: 1085 daAuts
     D:7: 747 daAuts
     D:3: 730 daAuts
  Bailey: 390 daAuts
  Temple: 259 daAuts
     D:9: 211 daAuts
